Map: NeoHumanity LE

Players

NamroodTuo - Winner!

  • Race: Protoss Protoss
  • Spawn Location: 5:00

VOD

Have the link to the VOD?

Description

Time

  • Played on: May 31, 2023, 5:57 a.m.
  • Length: 52:10
Show
View Real Time Build Order
Export as new Build Order

NamroodTuo Protoss - Winner!

Build Orders:  

Get SALT Encoding   

  12  0:04  Probe (Chrono Boost)  
  14  0:21  Probe (Chrono Boost)  
  14  0:30  Pylon  
  14  0:38  Probe (Chrono Boost)  
  15  0:51  Assimilator  
  15  1:13  Pylon  
  15  1:19  Probe (Chrono Boost)  
  16  1:36  Probe (Chrono Boost)  
  17  1:48  Forge  
  17  1:53  Probe (Chrono Boost)  
  17  1:56  Gateway  
  19  2:10  Probe (Chrono Boost)  
  19  2:27  Probe (Chrono Boost)  
  19  2:28  Assimilator  
  20  2:41  Photon Cannon  
  20  2:44  Probe (Chrono Boost)  
  22  3:01  Probe (Chrono Boost)  
  22  3:06  Zealot  
  24  3:15  Photon Cannon  
  24  3:18  Probe (Chrono Boost)  
  25  3:28  Photon Cannon  
  25  3:35  Probe (Chrono Boost)  
  26  3:42  Photon Cannon  
  27  3:52  Probe (Chrono Boost)  
  27  4:16  Nexus  
  27  4:41  Zealot  
  29  4:56  Pylon  
  29  5:09  Pylon  
  29  5:19  Zealot  
  31  5:30  Photon Cannon  
  31  5:35  Photon Cannon  
  31  5:37  Photon Cannon  
  31  5:46  Probe (Chrono Boost)  
  32  6:03  Probe (Chrono Boost)  
  33  6:12  Cybernetics Core  
  39  6:20  Probe (Chrono Boost)  
  34  6:22  Photon Cannon  
  35  6:30  Probe (Chrono Boost)  
  35  6:36  Probe (Chrono Boost)  
  36  6:47  Probe (Chrono Boost)  
  37  6:53  Probe (Chrono Boost)  
  38  7:04  Probe (Chrono Boost)  
  40  7:10  Probe (Chrono Boost)  
  41  7:20  Photon Cannon  
  41  7:21  Probe (Chrono Boost), Photon Cannon  
  41  7:23  Photon Cannon  
  41  7:34  Photon Cannon  
  41  7:38  Probe (Chrono Boost)  
  42  7:54  Probe (Chrono Boost)  
  43  8:04  Photon Cannon  
  43  8:07  Photon Cannon  
  44  8:11  Probe (Chrono Boost)  
  44  8:17  Pylon  
  44  8:28  Probe (Chrono Boost)  
  45  8:30  Zealot  
  47  8:45  Probe (Chrono Boost)  
  47  8:47  Protoss Shields Level 1  
  48  9:08  Zealot  
  50  9:41  Photon Cannon  
  50  9:43  Photon Cannon x2  
  50  9:46  Zealot  
  50  9:48  Photon Cannon  
  52  9:53  Photon Cannon  
  52  9:57  Photon Cannon x2  
  52  10:24  Zealot  
  54  10:30  Pylon  
  54  10:44  Photon Cannon  
  54  10:45  Photon Cannon  
  54  10:59  Photon Cannon  
  54  11:01  Zealot, Photon Cannon  
  54  11:05  Photon Cannon  
  56  11:14  Pylon  
  56  11:37  Protoss Ground Armor Level 1  
  56  11:39  Zealot  
  58  11:42  Photon Cannon  
  58  11:43  Photon Cannon  
  58  11:48  Photon Cannon  
  58  11:53  Photon Cannon  
  58  11:56  Photon Cannon  
  58  11:58  Photon Cannon  
  58  12:02  Photon Cannon  
  58  12:17  Zealot  
  58  13:10  Pylon  
  58  13:25  Twilight Council  
  58  13:31  Pylon  
  58  13:36  Photon Cannon  
  58  13:37  Photon Cannon  
  58  13:41  Photon Cannon  
  58  13:45  Photon Cannon  
  58  13:48  Photon Cannon  
  58  13:51  Photon Cannon  
  58  13:57  Zealot  
  60  14:27  Protoss Ground Weapons Level 1  
  60  14:30  Pylon  
  60  14:35  Zealot  
  62  14:56  Photon Cannon  
  62  14:57  Photon Cannon  
  62  15:01  Photon Cannon  
  62  15:04  Photon Cannon  
  62  15:07  Photon Cannon  
  62  15:10  Photon Cannon  
  62  15:13  Zealot  
  62  15:15  Pylon  
  64  15:51  Zealot  
  66  16:14  Photon Cannon  
  66  16:15  Photon Cannon  
  66  16:16  Photon Cannon  
  66  16:19  Photon Cannon  
  66  16:21  Nexus  
  66  16:22  Photon Cannon  
  66  16:23  Nexus  
  66  16:25  Photon Cannon  
  66  16:28  Photon Cannon  
  66  16:29  Zealot  
  66  16:45  Charge  
  66  16:58  Warp Gate  
  66  17:07  Zealot  
  68  17:19  Protoss Shields Level 2  
  68  17:26  Pylon  
  68  17:45  Zealot  
  70  18:23  Zealot  
  70  18:29  Probe (Chrono Boost)  
  73  18:33  Probe (Chrono Boost)  
  73  18:38  Photon Cannon  
  73  18:39  Photon Cannon  
  74  18:41  Photon Cannon  
  74  18:46  Probe (Chrono Boost)  
  72  18:50  Probe (Chrono Boost)  
  68  19:01  Zealot  
  68  19:02  Probe (Chrono Boost)  
  68  19:07  Probe (Chrono Boost)  
  68  19:19  Probe (Chrono Boost)  
  69  19:21  Photon Cannon  
  69  19:24  Probe (Chrono Boost), Photon Cannon  
  69  19:25  Photon Cannon  
  70  19:30  Photon Cannon  
  70  19:35  Pylon  
  70  19:36  Probe (Chrono Boost)  
  70  19:39  Zealot  
  74  19:40  Probe (Chrono Boost)  
  74  19:54  Gateway  
  74  20:41  Protoss Ground Armor Level 2  
  74  20:50  Zealot  
  74  20:58  Photon Cannon  
  76  21:03  Photon Cannon x2  
  76  21:07  Photon Cannon  
  76  21:10  Photon Cannon  
  76  21:13  Photon Cannon  
  76  21:14  Photon Cannon  
  76  21:20  Photon Cannon  
  76  21:29  Zealot  
  78  21:30  Zealot  
  80  21:41  Pylon  
  80  21:47  Pylon  
  80  21:53  Pylon  
  80  22:18  Assimilator  
  80  22:23  Assimilator  
  80  22:58  Assimilator  
  80  22:59  Assimilator  
  49  23:23  Zealot x2  
  50  23:52  Zealot  
  50  23:55  Zealot  
  52  24:04  Protoss Ground Weapons Level 2  
  52  24:27  Pylon  
  52  25:04  Shield Battery  
  52  25:39  Zealot x2  
  56  26:17  Zealot x2  
  60  26:28  Pylon  
  60  26:55  Zealot x2  
  60  26:57  Pylon  
  64  27:06  Photon Cannon  
  64  27:07  Photon Cannon  
  64  27:12  Photon Cannon  
  64  27:15  Photon Cannon  
  64  27:17  Photon Cannon  
  64  27:18  Photon Cannon  
  64  27:19  Photon Cannon  
  64  27:22  Photon Cannon  
  64  27:29  Protoss Shields Level 3  
  64  27:32  Zealot  
  64  27:33  Zealot  
  68  28:01  Stargate  
  68  28:10  Zealot  
  68  28:11  Zealot  
  68  28:14  Pylon  
  72  28:43  Photon Cannon  
  72  28:44  Photon Cannon  
  72  28:46  Protoss Air Armor Level 1  
  72  28:48  Zealot  
  72  28:49  Zealot, Photon Cannon  
  76  28:51  Photon Cannon  
  76  28:54  Photon Cannon  
  76  28:57  Photon Cannon x2  
  76  29:03  Photon Cannon  
  76  29:07  Shield Battery  
  76  29:24  Fleet Beacon  
  76  29:26  Zealot  
  76  29:27  Zealot  
  55  29:57  Stargate  
  53  30:00  Stargate  
  53  30:04  Zealot x2  
  53  30:19  Blink, Void Ray  
  57  30:42  Zealot x2  
  61  31:06  Void Ray x2  
  69  31:19  Void Ray  
  73  31:20  Zealot x2  
  73  31:24  Protoss Ground Armor Level 3  
  73  31:45  Protoss Air Weapons Level 1  
  73  31:58  Zealot x2  
  77  32:06  Void Ray  
  77  32:07  Void Ray  
  89  32:20  Void Ray  
  89  32:21  Unknown  
  89  32:36  Zealot x2  
  93  33:06  Void Ray  
  93  33:07  Void Ray  
  69  33:20  Void Ray  
  73  33:35  Assimilator  
  73  33:39  Unknown, Assimilator  
  74  33:42  Probe (Chrono Boost)  
  74  33:59  Probe (Chrono Boost)  
  75  34:06  Void Ray  
  75  34:07  Void Ray  
  83  34:16  Probe (Chrono Boost)  
  84  34:20  Void Ray  
  88  34:33  Probe (Chrono Boost)  
  78  34:50  Probe (Chrono Boost), Protoss Air Armor Level 2  
  78  34:59  Zealot x2  
  78  35:07  Void Ray x2  
  86  35:19  Protoss Ground Weapons Level 3  
  86  35:20  Void Ray  
  86  35:26  Gateway  
  88  35:30  Gateway  
  88  35:37  Zealot x2  
  92  36:07  Void Ray x2  
  101  36:11  Probe (Chrono Boost)  
  101  36:14  Zealot  
  101  36:15  Zealot  
  105  36:20  Void Ray  
  105  36:27  Nexus  
  105  36:28  Probe (Chrono Boost)  
  110  36:45  Probe (Chrono Boost)  
  111  36:52  Zealot  
  111  36:53  Zealot  
  113  37:07  Void Ray  
  113  37:08  Void Ray  
  121  37:21  Void Ray  
  125  37:30  Zealot  
  125  37:31  Zealot  
  129  38:07  Void Ray  
  129  38:08  Zealot, Void Ray  
  129  38:09  Zealot  
  113  38:21  Void Ray  
  101  38:46  Zealot  
  101  38:47  Zealot  
  93  39:07  Void Ray  
  93  39:08  Void Ray  
  77  39:21  Void Ray  
  77  39:27  Zealot x2  
  77  39:28  Zealot x2  
  87  39:37  Carrier  
  87  39:38  Carrier  
  87  39:51  Carrier  
  87  40:05  Zealot x2  
  87  40:06  Zealot x2  
  81  40:43  Zealot x3  
  81  40:44  Zealot  
  81  40:56  Photon Cannon  
  81  40:59  Photon Cannon  
  73  41:02  Photon Cannon  
  73  41:03  Photon Cannon  
  73  41:07  Carrier  
  69  41:21  Zealot x3  
  69  41:22  Zealot  
  69  41:23  Carrier  
  79  41:59  Zealot x3  
  91  42:00  Zealot  
  93  42:37  Zealot x4  
  93  42:51  Carrier  
  85  43:36  Carrier  
  91  45:21  Nexus  
  91  46:23  Carrier  
  97  47:45  Carrier  
  97  47:46  Carrier  
  97  47:52  Carrier  
  113  49:54  Carrier x2  
  113  49:55  Carrier  
Tags
 
Matchup
Co-op
Replay Pack
Multiplayer
Add a new tag
Caveats
  • Supply blocks, unpowered buildings, or Contaminate may cause inaccurate times.
  • Supply counts are checked every 10 seconds.